 Dungeon Crawl Stone Soup version 0.30-a0-1066-g63dfefce0d (webtiles) character file.

Game seed: 9708669882657482138

729 BlueFish the Charlatan (level 7, 0/45 HPs)
             Began as an Octopode Artificer on Apr 12, 2023.
             Splashed by a jelly's acid (7 damage)
             ... on level 5 of the Dungeon.
             The game lasted 00:08:02 (4376 turns).

BlueFish the Charlatan (Octopode Artificer)         Turns: 4376, Time: 00:08:03

Health: 0/45       AC:  0    Str: 19    XL:     7   Next: 73%
Magic:  10/10      EV: 14    Int: 13    God:
Gold:   342        SH:  0    Dex: 13    Spells: 10/10 levels left

rFire   . . .      SeeInvis .    a - +0 mace (protect)
rCold   . . .      Faith    .    (no shield)
rNeg    . . .      Spirit   .    (helmet restricted)
rPois   .          Reflect  .    (no amulet)
rElec   .          Rampage  .    q - +6 ring of strength
rCorr   .                        (no ring)
Will    .....                    (no ring)
Stlth   ++++                     (no ring)
HPRegen 0.27/turn                (no ring)
MPRegen 0.12/turn                (no ring)
                                 (no ring)
                                 (no ring)

@: corroded, under a protective aura
A: almost no armour, amphibious, 8 rings, camouflage 1, gelatinous body 1,
(nimble swimmer 1), tentacles
a: no special abilities


You were on level 5 of the Dungeon.
You visited 1 branch of the dungeon, and saw 5 of its levels.

You collected 342 gold pieces.

Inventory:

Hand Weapons
 a - a +0 mace of protection (weapon)
 b - a +0 sling
 k - a +0 club
 o - a +0 whip
Missiles
 f - 15 poisoned darts
 n - 36 stones (quivered)
Jewellery
 i - a ring of see invisible
 q - a +6 ring of strength (left tentacle)
Wands
 c - a wand of charming (14)
 d - a wand of iceblast (16)
 e - a wand of flame (15)
Scrolls
 g - a scroll of teleportation {unknown}
 j - a scroll of magic mapping {unknown}
 m - a scroll of enchant weapon {unknown}
 s - a scroll of noise {unknown}
 t - a scroll of immolation {unknown}
 u - a scroll of vulnerability {unknown}
Potions
 h - a potion of curing
 l - a potion of attraction
 p - a potion of degeneration
 r - a potion of berserk rage
 v - a potion of haste


   Skills:
 + Level 2.9 Fighting
 + Level 2.7 Maces & Flails
 + Level 2.4 Ranged Weapons
 + Level 2.4 Throwing
 + Level 3.8 Dodging
 + Level 4.2 Stealth
 + Level 2.3 Spellcasting
 + Level 4.6 Evocations


You had 10 spell levels left.
You didn't know any spells.
Your spell library contained the following spells:

 Spells                   Type           Power      Damage    Failure   Level
 Cigotuvi's Dreadful Rot  Necr/Pois/Air  2%         N/A       36%         2
 Ignite Poison            Fire/Tmut/Pois 1%         N/A       58%         3
 Sticky Flame             Conj/Fire      1%         2d3       94%         4
 Freezing Cloud           Conj/Ice/Air   0%         6-21      100%        5
 Ignition                 Fire           0%         3d3       100%        8


Dungeon Overview and Level Annotations

Branches:
Dungeon (5/15)
 Temple: D:4-7

Altars:

Annotations:
D:5 Grinder


Innate Abilities, Weirdness & Mutations

You cannot wear most types of armour.
You are amphibious.
You can wear up to eight rings at the same time.
Your skin changes colour to match your surroundings (Stealth+).
Your rubbery body absorbs attacks. (AC +1, EV +1)
((You are camouflaged when in or above water. (Stealth+)))
You have tentacles for arms and can constrict up to eight enemies at once.


Message History

The hound is moderately wounded.
The hound closely misses you. The hound barely misses you.
You hit the hound but do no damage. You grab the hound.
The hound is moderately wounded.
You constrict the hound. The hound bites you. The hound barely misses you.
You barely miss the hound. You squeeze the hound.
The hound is severely wounded.
You constrict the hound.
You kill the hound!
You hit the jelly. The acid corrodes you!
Your tentacles burn!
The jelly is lightly wounded.
The jelly hits you but does no damage.
You hit the jelly but do no damage.
Your tentacles burn!
The jelly is lightly wounded.
The jelly hits you.
You are splashed with acid!
You hit the jelly.
Your tentacles burn!
The jelly is lightly wounded.
The jelly hits you but does no damage. The jelly barely misses you.
You hit the jelly.
Your tentacles burn!
The jelly is moderately wounded.
The jelly closely misses you.
You hit the jelly but do no damage. The acid corrodes you!
Your tentacles burn!
The jelly is moderately wounded.
The jelly barely misses you.
You hit the jelly.
Your tentacles burn!
* * * LOW HITPOINT WARNING * * *
Your squeeze misses the jelly.
The jelly is heavily wounded.
The jelly misses you.
You hit the jelly.
Your tentacles burn!
* * * LOW HITPOINT WARNING * * *
The jelly is severely wounded.
The jelly closely misses you. The jelly completely misses you.
You hit the jelly but do no damage.
Your tentacles burn!
* * * LOW HITPOINT WARNING * * *
The jelly is severely wounded.
The jelly hits you.
* * * LOW HITPOINT WARNING * * *
The acid corrodes you!
You are splashed with acid!
You die...

....#.# .....#
......#######.....#
.######.....#.....##
...................##
....................
#######............# ..
#######......#.....#....
.................J......
#..........#..##@#.
#..........#...#.#
...........#.....#
####.............#
.#####..............
.....#'###.......#.##
...#.....#.......#+#
...#.....#.##.....
#..#.....#+##......


You could see a jelly.

Vanquished Creatures
  Sigmund (D:2)
  Eustachio (D:5)
  A black bear (D:4)
  A phantom (D:5)
  A scorpion (D:5)
  A hound (D:5)
  An iguana (D:4)
  An orc wizard (D:3)
  2 adders
  5 worms (D:3)
  3 dart slugs
  8 orcs
  6 endoplasms
  A giant cockroach (D:2)
  3 goblins
  9 hobgoblins
  4 jackals (D:2)
  10 kobolds
  4 quokkas
  5 ball pythons
  11 bats
  4 frilled lizards
  4 rats
87 creatures vanquished.

Vanquished Creatures (collateral kills)
  A hobgoblin (D:1)
1 creature vanquished.

Grand Total: 88 creatures vanquished

Notes
Turn   | Place    | Note
-------+----------+-------------------------------------------
     0 | D:1      | BlueFish the Octopode Artificer began the quest for the
                  | Orb.
     0 | D:1      | Reached XP level 1. HP: 13/13 MP: 1/1
   214 | D:1      | Reached XP level 2. HP: 18/18 MP: 2/2
   960 | D:2      | Reached XP level 3. HP: 23/23 MP: 3/3
   975 | D:2      | Noticed Sigmund
  1471 | D:2      | Killed Sigmund
  1472 | D:2      | Reached skill level 1 in Maces & Flails
  1472 | D:2      | Reached skill level 1 in Ranged Weapons
  1472 | D:2      | Reached skill level 1 in Throwing
  1472 | D:2      | Reached skill level 1 in Spellcasting
  1472 | D:2      | Reached XP level 4. HP: 19/29 MP: 4/6
  1472 | D:2      | Reached XP level 5. HP: 23/34 MP: 4/7
  2363 | D:3      | Reached XP level 6. HP: 35/39 MP: 8/8
  3092 | D:3      | Found a faded altar of an unknown god.
  4031 | D:5      | Entered Level 5 of the Dungeon
  4034 | D:5      | Noticed a black bear
  4047 | D:4      | Killed a black bear
  4119 | D:5      | Reached XP level 7. HP: 43/45 MP: 8/10
  4245 | D:5      | Noticed Eustachio
  4258 | D:5      | Killed Eustachio
  4343 | D:5      | Noticed Grinder
  4376 | D:5      | Splashed by a jelly's acid

Illustrated notes

Levels and vault maps discovered:
D:1:      dpeg_arrival_water_temple_mockup, layout_basic
D:2:      layout_basic, kennysheep_generic_room_9, uniq_sigmund
D:3:      layout_loops_ring, basic_ecumenical_altar, nicolae_wormholes
D:4:      layout_basic
D:5:      layout_basic, chequers_temple_overflow_minitemple, grunt_ministairs_9,
          uniq_eustachio, uniq_grinder

Skill      XL: |  1  2  3  4  5  6  7 |
---------------+----------------------+-----
Stealth        | 3 4 |  4.2
Fighting       | 2 |  2.9
Maces & Flails | 1 2 |  2.7
Ranged Weapons | 1 2 |  2.4
Throwing       | 1 2 |  2.4
Dodging        | 3 |  3.8
Spellcasting   | 1 2 |  2.3
Evocations     | 4 |  4.6

Action                     |  1- 3 |  4- 6 |  7- 9 || total
---------------------------+-------+-------+-------++-------
  Melee: Whip              |    12 |       |       ||    12
         Constrict         |     9 |    12 |     4 ||    25
         Tentacles         |     4 |    14 |     5 ||    23
         Mace              |    25 |    64 |    20 ||   109
         Sling             |     2 |       |       ||     2
         Punch             |       |     2 |       ||     2
   Fire: Sling             |    72 |    97 |    10 ||   179
  Evoke: Wand              |     1 |       |       ||     1
    Use: Potion            |     1 |     1 |       ||     2
         Scroll            |       |     6 |     1 ||     7
 Armour: Skin              |     2 |    18 |     5 ||    25
  Dodge: Dodged            |    44 |    38 |    23 ||   105

Table legend: (Time is in decaauts)
 A = Elapsed time spent in this place.
 B = Non-inter-level travel time spent in this place.
 C = Inter-level travel time spent in this place.
 D = Time resting spent in this place.
 E = Time spent auto-exploring this place.
 F = Levels seen in this place.
 G = Mean time per level.
                   A        B        C        D        E       F      G
               +--------+--------+--------+--------+--------+-----+--------+
         Total |   4428 |   4174 |    254 |      6 |   3407 |   5 |  885.6 |
       Dungeon |   4428 |   4174 |    254 |      6 |   3407 |   5 |  885.6 |
               +--------+--------+--------+--------+--------+-----+--------+

Top non-repeatable levels by time:
     D:2: 1309 daAuts
     D:1: 999 daAuts
     D:4: 944 daAuts
     D:3: 859 daAuts
     D:5: 315 daAuts
